 Dungeon Crawl Stone Soup version 0.27.0-1-g7a089689b8 (webtiles) character file.

Game seed: 9968605363150253429

39 Sobieck the Magician (level 3, -5/25 HPs)
             Began as a Djinni Fire Elementalist on Aug 7, 2021.
             Slain by a gnoll (7 damage)
             ... on level 1 of the Dungeon.
             The game lasted 00:02:49 (1197 turns).

Sobieck the Magician (Djinni Fire Elementalist)     Turns: 1197, Time: 00:02:50

Health: -5/25      AC:  2    Str:  7    XL:     3   Next: 70%
Gold:   10         EV: 12    Int: 17    God:
                   SH:  0    Dex: 13

rFire    + + .     SeeInvis .   d - +0 club {mace}
rCold    x . .     Faith    .   (no shield)
rNeg     . . .     Spirit   .   a - +0 robe
rPois    ∞         Reflect  .   (no helmet)
rElec    .         Harm     .   (no cloak)
rCorr    .         Rampage  .   (no gloves)
Will     +....                  (boots unavailable)
Stlth    ++........             (no amulet)
HPRegen  0.08/turn              b - ring of willpower
MPRegen  0.00/turn              (no ring)

@: flying
A: sickness immunity, fire resistance 2, cold vulnerability 1, float, innate
caster, hp casting, extra vitality 1
a: no special abilities


You were on level 1 of the Dungeon.
You visited 1 branch of the dungeon, and saw 1 of its levels.

You collected 10 gold pieces.


Innate Abilities, Weirdness & Mutations

You are immune to sickness and miasma.
You are immune to poison.
Your flesh is very heat resistant. (rF++)
You are vulnerable to cold. (rC-)
You float through the air rather than walking.
You learn spells naturally, not from books.
Your magical power is your life essence.
You have superior vitality. (+4 HP)


   Skills:
 - Level 2.1 Dodging
 - Level 1.5 Stealth
 + Level 3.4 Spellcasting


You couldn't memorise any spells.
You knew the following spells:

 Your Spells              Type           Power      Damage    Failure   Level
a - Foxfire               Conj/Fire      56%        2x1d6     4%          1
b - Conjure Flame         Conj/Fire      14%        6-21      12%         3
c - Inner Flame           Hex/Fire       14%        N/A       12%         3
d - Sticky Flame          Conj/Fire      14%        2d4       36%         4
e - Fireball              Conj/Fire      7%         3d5       73%         5
f - Apportation           Tloc           28%        N/A       4%          1
Your spell library was empty.

Inventory:

Hand Weapons
 d - a +0 club (weapon) {mace}
   (You took it off a goblin on level 1 of the Dungeon)
 e - a +0 club {mace}
   (You took it off a goblin on level 1 of the Dungeon)
 f - a +0 club {mace}
   (You took it off a goblin on level 1 of the Dungeon)
Missiles
 c - 48 stones {throwing}
 h - 7 sling bullets
Armour
 a - a +0 robe (worn)
Jewellery
 b - a ring of willpower (left hand)
   (You found it on level 1 of the Dungeon)
Scrolls
 i - a scroll of acquirement {unknown}
 k - a scroll of identify {unknown}
Potions
 g - a potion of cancellation {unknown}
 j - a potion of heal wounds {unknown}

Dungeon Overview and Level Annotations

Branches:
Dungeon (1/15)

Altars:

Shops:
D:1

*:!
##################
#..............v@#
#.##############g#
...# #.# ...###
#.# ##..÷########
#.# #÷..........
#.# #...########
..# ##..#######
.## .....†....#


You could see a gnoll (ally target).


Message History

Your magical contamination has completely faded away.
Unknown command.
i - a scroll labelled IDECRI OLOE Unknown command.
A frilled lizard comes into view.
Danger!
A rat and a giant cockroach come into view.
The frilled lizard hisses angrily.
You conjure some foxfire!
Unknown command.
You conjure some foxfire!
The giant cockroach misses you.
You conjure some foxfire!
The giant cockroach bites you. The giant cockroach barely misses you.
There is not enough space to conjure foxfire!
Unknown command.
The foxfire hits the giant cockroach. x2
You kill the giant cockroach!
The foxfire hits the rat but does no damage.
Unknown command.
The foxfire hits the rat.
You kill the rat!
The foxfire hits the frilled lizard.
You kill the frilled lizard!
Unknown command.
You see here a giant cockroach corpse.
A ball python comes into view.
Danger!
The ball python hisses angrily.
You miscast Foxfire.
You are very lightly contaminated with residual magic.
Nothing appears to happen.
You conjure some foxfire!
You conjure some foxfire!
The ball python barely misses you. The ball python misses you.
Unknown command.
The foxfire hits the ball python.
You kill the ball python!
Your magical contamination has completely faded away.
Unknown command.
A bat comes into view.
Danger!
You conjure some foxfire!
The foxfire hits the bat.
You kill the bat!
A bat and a kobold come into view.
Danger!
You conjure some foxfire!
The foxfire hits the kobold.
You kill the kobold!
You conjure some foxfire!
The foxfire hits the bat.
The bat closely misses you.
You see here a +0 short sword {short}.
You barely miss the bat. The bat barely misses you. The bat closely misses you.
The bat hits you.
You conjure some foxfire!
The bat closely misses you.
The foxfire hits the dart slug.
You conjure some foxfire!
The foxfire hits the dart slug.
The foxfire hits the bat.
You kill the bat!
You conjure some foxfire!
Unknown command.
There is not enough space to conjure foxfire!
Unknown command.
The foxfire hits the dart slug. x2
You kill the dart slug!
You see here a bat corpse.
j - an inky potion Unknown command.
k - a scroll labelled HUBORENAOK You see here a ball python corpse.
You see here a ball python corpse.
You see here a frilled lizard skeleton.
A gnoll comes into view. It is wielding a +0 whip.
Danger!
Unknown command.
You conjure some foxfire!
The foxfire hits the gnoll. x2
You conjure some foxfire!
The foxfire hits the gnoll.
The foxfire hits the gnoll but does no damage.
You conjure some foxfire!
The gnoll closely misses you.
Unknown command.
The foxfire hits the gnoll.
The gnoll closely misses you.
You conjure some foxfire!
The gnoll barely misses you.
Unknown command.
The foxfire hits the gnoll.
The gnoll hits you with a +0 whip!
Unknown command.
You are too injured to fight recklessly!
Unknown command.
Casting: Foxfire (safe; 4% risk of failure)
Confirm with . or Enter, or press ? or * to list all spells.
You conjure some foxfire!
The gnoll hits you with a +0 whip.
* * * LOW HITPOINT WARNING * * *
Unknown command.
The foxfire hits the gnoll.
The gnoll hits you with a +0 whip.
* * * LOW HITPOINT WARNING * * *
Casting: Foxfire (safe; 4% risk of failure)
Confirm with . or Enter, or press ? or * to list all spells.
You conjure some foxfire!
* * * LOW HITPOINT WARNING * * *
The gnoll hits you with a +0 whip!
You die...

Skill      XL: |  1  2 |
---------------+-------+-----
Spellcasting   | 3 |  3.4
Dodging        | |  2.1
Stealth        | |  1.5

Action                   || total
-------------------------++-------
Melee: Unarmed           ||     1
       Club              ||     1
 Cast: Foxfire           ||    52
Armor: Robe              ||     1
Dodge: Dodged            ||    14

Levels and vault maps discovered:
D:1:      roderic_crop_circles_arrival_small, layout_loops_ring, serial_shops,
          shop, shop_fountains, shop, st_stairs_7, corexii_leaking_fountain

Notes
Turn   | Place    | Note
-------+----------+-------------------------------------------
     0 | D:1      | Sobieck the Djinni Fire Elementalist began the quest for
                  | the Orb.
     0 | D:1      | Reached XP level 1. HP: 15/15 MP: 0/0
   180 | D:1      | Found Quhucwyew's General Store.
   186 | D:1      | Found Ucoysuf's Book Shoppe.
   287 | D:1      | Reached XP level 2. HP: 15/21 MP: 0/0
   414 | D:1      | Found Mergh's Distillery.
   566 | D:1      | Reached skill level 3 in Spellcasting
   621 | D:1      | Reached XP level 3. HP: 21/25 MP: 0/0
   621 | D:1      | Learned a level 1 spell: Apportation
  1196 | D:1      | HP: 3/25 [gnoll (5)]
  1197 | D:1      | Slain by a gnoll

Vanquished Creatures
  A gnoll (D:1)
  2 dart slugs (D:1)
  5 bats (D:1)
  An endoplasm (D:1)
  A giant cockroach (D:1)
  5 goblins (D:1)
  A hobgoblin (D:1)
  2 kobolds (D:1)
  2 ball pythons (D:1)
  3 frilled lizards (D:1)
  2 rats (D:1)
25 creatures vanquished.

Vanquished Creatures (collateral kills)
  A foxfire (D:1)
1 creature vanquished.

Vanquished Creatures (others)
  72 foxfires (D:1)
  4 plants (D:1)
76 creatures vanquished.

Grand Total: 102 creatures vanquished

Table legend:
 A = Non-vault XP
 B = Vault XP
 C = Vault XP percentage of total XP
 D = Non-vault monster count
 E = Vault monster count
 F = Vault count percentage of total count
                 A         B        C        D         E       F
            +---------+---------+-------+---------+---------+-------
      Total |      55 |       2 |   3.5 |      24 |       1 |   4.0
            +---------+---------+-------+---------+---------+-------
        D:1 |      55 |       2 |   3.5 |      24 |       1 |   4.0
            +---------+---------+-------+---------+---------+-------

Illustrated notes

Table legend:
 A = Kills in this place as a percentage of kills in entire the game.
 B = Kills by you in this place as a percentage of kills by you in the entire game.
 C = Kills by friends in this place as a percentage of kills by friends in the entire game.
 D = Other kills in this place as a percentage of other kills in the entire game.
 E = Experience gained in this place as a percentage of experience gained in the entire game.
 F = Experience gained in this place divided by the number of levels of this place that you have seen.
                   A       B       C       D       E      F
               +-------+-------+-------+-------+-------+----------------------
         Total | 100.0 | 100.0 |   N/A |   N/A | 100.0 |  57.0
       Dungeon | 100.0 | 100.0 |   N/A |   N/A | 100.0 |  57.0
               +-------+-------+-------+-------+-------+----------------------

Table legend: (Time is in decaauts)
 A = Elapsed time spent in this place.
 B = Non-inter-level travel time spent in this place.
 C = Inter-level travel time spent in this place.
 D = Time resting spent in this place.
 E = Time spent auto-exploring this place.
 F = Levels seen in this place.
 G = Mean time per level.
                   A        B        C        D        E       F      G
               +--------+--------+--------+--------+--------+-----+--------+
         Total |   1196 |   1196 |      0 |      0 |   1048 |   1 | 1196.0 |
       Dungeon |   1196 |   1196 |      0 |      0 |   1048 |   1 | 1196.0 |
               +--------+--------+--------+--------+--------+-----+--------+

Top non-repeatable levels by time:
     D:1: 1196 daAuts
